Map: [TLMC17] Starchild

Players

Serral - Winner!

  • Race: Zerg Zerg
  • Spawn Location: 7:00

LiquidClem

  • Race: Terran Terran
  • Spawn Location: 1:00

VOD

Have the link to the VOD?

Description

Time

  • Played on: March 16, 2025, 9:42 a.m.
  • Length: 14:11
Show
View Real Time Build Order
Export as new Build Order

Serral Zerg - Winner!

Build Orders:  

Get SALT Encoding   

  12  0:00  Drone  
  13  0:07  Drone  
  14  0:14  Drone, Extractor  
  14  0:21  Overlord  
  15  0:39  Drone  
  16  0:44  Hatchery  
  16  0:48  Drone  
  16  0:51  Drone  
  17  0:57  Drone  
  18  1:05  Extractor  
  17  1:12  Spawning Pool  
  17  1:13  Drone  
  17  1:17  Drone  
  18  1:26  Drone  
  19  1:37  Drone  
  20  1:47  Drone  
  21  1:58  Queen x2  
  21  1:59  Zergling x2  
  21  2:00  Zergling x2  
  27  2:08  Overlord  
  27  2:10  Drone  
  27  2:15  Metabolic Boost  
  28  2:28  Spore Crawler  
  27  2:33  Hatchery  
  27  2:34  Drone  
  28  2:38  Drone  
  28  2:39  Drone  
  28  2:40  Drone  
  31  2:49  Overlord  
  31  2:52  Queen  
  31  2:56  Drone  
  31  2:58  Drone  
  35  3:01  Drone  
  35  3:04  Overlord  
  36  3:11  Drone x3  
  39  3:13  Drone  
  39  3:18  Drone  
  39  3:19  Drone  
  42  3:24  Drone  
  42  3:26  Queen  
  45  3:30  Queen  
  47  3:36  Overlord  
  47  3:38  Drone x2  
  49  3:42  Drone x2  
  51  3:51  Drone x4  
  51  3:53  Zergling x2  
  56  3:57  Queen  
  56  4:00  Overlord  
  56  4:02  Drone x2  
  60  4:06  Spore Crawler  
  60  4:11  Zergling x2  
  60  4:12  Overlord, Drone x3  
  64  4:17  Queen  
  64  4:20  Zergling x2  
  64  4:23  Lair  
  67  4:26  Overlord  
  67  4:27  Zergling x2  
  67  4:28  Drone  
  67  4:31  Drone  
  70  4:34  Overlord  
  71  4:38  Drone  
  71  4:40  Drone x2, Extractor  
  71  4:41  Drone x2  
  71  4:45  Extractor  
  73  4:46  Drone x6  
  79  4:53  Spore Crawler, Queen  
  79  4:56  Spore Crawler, Drone x2  
  81  5:00  Zergling x4  
  81  5:01  Extractor  
  82  5:08  Hatchery  
  82  5:09  Drone  
  82  5:10  Baneling Nest, Drone  
  82  5:12  Drone  
  84  5:14  Drone x2  
  84  5:16  Spore Crawler  
  84  5:19  Zergling x2, Extractor  
  84  5:20  Drone x3  
  87  5:22  Overseer  
  88  5:28  Drone x2  
  88  5:30  Spire  
  88  5:31  Extractor  
  88  5:32  Overlord  
  88  5:35  Drone x2  
  89  5:37  Drone x2  
  89  5:38  Drone  
  89  5:42  Baneling Nest, Drone  
  92  5:43  Drone  
  92  5:46  Overlord  
  92  5:49  Zergling x4  
  96  5:51  Drone x3  
  96  5:52  Drone  
  96  5:54  Centrifugal Hooks  
  96  5:55  Overlord  
  100  5:58  Overlord  
  100  6:05  Overlord  
  100  6:09  Overlord  
  100  6:10  Zergling x6  
  103  6:12  Extractor  
  103  6:13  Drone x2  
  103  6:17  Overlord  
  104  6:23  Queen  
  104  6:39  Evolution Chamber  
  103  6:41  Mutalisk x9, Evolution Chamber  
  103  6:45  Zerg Flyer Weapons Level 1  
  103  6:46  Zergling x6  
  123  6:48  Hatchery  
  123  6:52  Baneling  
  123  6:53  Baneling x5  
  121  6:54  Zergling x4  
  121  6:55  Zergling x6  
  121  6:57  Baneling x3  
  126  7:01  Zergling x2  
  126  7:02  Zergling x8  
  131  7:09  Overlord  
  131  7:13  Zergling x8  
  131  7:14  Zergling x8  
  139  7:19  Zergling x4  
  139  7:20  Zergling x10  
  134  7:30  Mutalisk x4  
  134  7:31  Mutalisk  
  141  7:38  Drone x3  
  141  7:39  Drone x4  
  141  7:42  Zerg Melee Weapons Level 1, Drone  
  147  7:48  Zerg Ground Armor Level 1  
  137  7:52  Drone x6  
  141  7:59  Drone x5  
  141  8:00  Baneling x5  
  141  8:03  Drone  
  141  8:04  Drone x2  
  149  8:07  Overlord  
  149  8:10  Burrow  
  149  8:11  Overlord  
  149  8:15  Zergling x2  
  149  8:16  Zergling x4  
  152  8:24  Hatchery  
  152  8:26  Mutalisk x3  
  157  8:31  Overlord  
  157  8:32  Overlord  
  155  8:35  Mutalisk x2  
  159  8:43  Mutalisk x5  
  159  8:45  Zergling x4  
  171  8:49  Zergling x10  
  171  8:53  Zerg Flyer Weapons Level 2  
  175  8:57  Pneumatized Carapace  
  175  8:58  Overseer  
  175  8:59  Zergling x2  
  175  9:00  Zergling x10  
  181  9:08  Overlord x3  
  181  9:11  Baneling x10  
  181  9:21  Zergling x4  
  181  9:22  Zergling x22  
  192  9:27  Zergling x12  
  192  9:29  Baneling x4  
  196  9:38  Zergling x10  
  182  9:41  Baneling x2  
  182  9:42  Baneling x11  
  182  9:43  Zergling x2  
  169  9:48  Zergling x10  
  169  9:51  Baneling x4  
  164  9:55  Zergling x2  
  164  9:56  Zergling x6  
  168  10:01  Zergling x6  
  168  10:06  Mutalisk x2  
  166  10:11  Mutalisk  
  166  10:14  Mutalisk  
  163  10:19  Zerg Melee Weapons Level 2  
  160  10:24  Mutalisk  
  160  10:25  Mutalisk, Zergling x14  
  167  10:34  Overseer  
  167  10:35  Mutalisk  
  167  10:36  Zergling x4  
  167  10:39  Drone  
  167  10:42  Drone x3  
  174  10:45  Zergling x12  
  174  10:47  Zerg Ground Armor Level 2  
  174  10:49  Zergling x4  
  182  10:55  Zergling x12  
  188  11:02  Zergling x6  
  190  11:06  Mutalisk  
  190  11:09  Extractor, Hatchery  
  186  11:11  Drone x2  
  186  11:12  Mutalisk  
  186  11:13  Mutalisk x2  
  186  11:16  Overlord  
  190  11:21  Extractor  
  190  11:24  Drone x3  
  191  11:28  Mutalisk x2  
  191  11:29  Zergling x10  
  192  11:35  Zergling x2  
  192  11:36  Zergling x10  
  175  11:41  Baneling x10  
  175  11:43  Zergling x12  
  175  11:46  Zergling x8  
  185  11:55  Baneling x11  
  185  11:56  Zergling x8  
  187  12:08  Zergling x12  
  179  12:10  Zergling x6  
  181  12:16  Zergling x10  
  172  12:24  Zergling x20  
  161  12:30  Mutalisk x2  
  161  12:33  Mutalisk  
  154  12:38  Mutalisk x3  
  160  12:44  Overseer  
  160  12:46  Mutalisk  
  160  12:47  Baneling x2  
  157  12:51  Hatchery  
  157  12:53  Zergling x12  
  154  12:59  Zergling x2  
  154  13:00  Zergling x10  
  154  13:04  Zergling x6  
  162  13:11  Baneling x9  
  162  13:20  Mutalisk x4  
  162  13:24  Baneling x7  
  170  13:29  Zergling x8  
  174  13:34  Baneling x7  
  174  13:36  Zergling x4  
  173  13:46  Baneling x3  
  165  13:48  Zergling x2  
  165  13:49  Zergling x10  
  165  13:52  Zergling x12  
Show
View Real Time Build Order
Export as new Build Order

LiquidClem Terran 

Build Orders:  

Get SALT Encoding   

  12  0:00  SCV  
  13  0:12  SCV  
  14  0:16  Supply Depot  
  14  0:24  SCV  
  15  0:38  SCV  
  15  0:41  Barracks  
  16  0:44  Refinery  
  16  0:50  SCV  
  17  1:02  SCV  
  18  1:14  SCV  
  19  1:28  Orbital Command, Reaper  
  20  1:38  Command Center  
  20  1:47  Supply Depot  
  20  1:53  SCV  
  21  2:00  Marine  
  22  2:06  SCV  
  23  2:11  Factory  
  23  2:18  SCV  
  23  2:21  Barracks Reactor  
  24  2:30  SCV  
  25  2:38  Command Center  
  25  2:43  SCV  
  26  2:51  Orbital Command  
  26  2:55  SCV  
  27  3:00  Starport  
  27  3:06  Refinery  
  27  3:07  SCV  
  27  3:11  Hellion  
  30  3:15  Hellion  
  30  3:18  SCV  
  30  3:19  Barracks Tech Lab  
  33  3:22  SCV  
  34  3:30  SCV  
  34  3:32  Hellion  
  38  3:34  SCV  
  38  3:36  Hellion  
  40  3:42  SCV  
  40  3:44  Banshee  
  40  3:47  SCV  
  45  3:51  Orbital Command  
  45  3:54  SCV  
  45  3:56  Cloaking Field  
  45  4:01  SCV  
  46  4:03  Hellion x2, Barracks Tech Lab  
  46  4:07  SCV  
  51  4:12  Supply Depot  
  51  4:13  SCV  
  51  4:16  SCV  
  53  4:19  SCV  
  53  4:22  Marine  
  55  4:25  SCV  
  55  4:27  Banshee  
  55  4:29  SCV, Barracks  
  60  4:31  Barracks  
  60  4:35  SCV  
  60  4:38  SCV, Stimpack  
  62  4:40  Refinery  
  62  4:42  SCV, Supply Depot  
  62  4:44  Marine  
  64  4:47  Factory Reactor  
  64  4:49  SCV  
  64  4:50  SCV  
  64  4:51  Refinery  
  66  4:57  Engineering Bay x2  
  67  5:02  SCV  
  67  5:03  Orbital Command  
  67  5:04  SCV  
  67  5:05  Supply Depot  
  67  5:06  Marine  
  69  5:14  SCV, Barracks x2  
  69  5:19  SCV  
  71  5:23  Terran Infantry Weapons Level 1  
  71  5:24  Starport Reactor  
  71  5:27  Marine  
  71  5:28  Supply Depot  
  72  5:31  SCV  
  72  5:34  Marine x2  
  75  5:36  SCV  
  75  5:38  SCV  
  75  5:42  Marine x2  
  79  5:43  Supply Depot  
  79  5:44  SCV  
  79  5:45  Supply Depot  
  79  5:47  Marine  
  79  5:48  SCV  
  82  5:50  Siege Tank  
  82  5:51  Terran Infantry Armor Level 1  
  82  5:53  Supply Depot, Marine  
  82  5:55  Marine  
  82  5:56  SCV  
  88  5:57  SCV  
  88  5:59  Supply Depot  
  88  6:03  Marine  
  90  6:06  Barracks Reactor x2  
  90  6:07  SCV  
  90  6:08  Supply Depot  
  90  6:09  Marine  
  90  6:11  SCV  
  93  6:12  Armory  
  93  6:14  Medivac  
  93  6:17  Medivac  
  97  6:19  SCV  
  97  6:20  SCV  
  97  6:21  Marine x2  
  97  6:25  Supply Depot  
  101  6:26  Siege Tank  
  101  6:27  SCV  
  101  6:29  Marine  
  101  6:32  SCV x2, Marine x2  
  106  6:39  SCV  
  109  6:42  Marine x3  
  109  6:43  Supply Depot, Marine  
  109  6:44  SCV, Marine  
  115  6:47  Refinery  
  115  6:48  Supply Depot  
  115  6:49  Marine x2  
  115  6:53  Marine  
  118  6:55  Medivac  
  118  6:57  Combat Shield, Medivac, Marine  
  118  6:58  Siege Tank  
  118  6:59  Marine  
  118  7:00  Marine x2  
  129  7:03  Supply Depot  
  129  7:04  SCV x2  
  129  7:05  SCV  
  132  7:09  Supply Depot  
  132  7:10  Factory  
  132  7:11  Marine  
  132  7:12  Marine  
  134  7:16  Hellion x5  
  134  7:17  Marine  
  134  7:18  Marine x2  
  134  7:19  Marine  
  134  7:20  Marine  
  139  7:24  Supply Depot  
  139  7:25  Medivac  
  131  7:31  Medivac, Marine  
  131  7:33  Marine x3  
  131  7:35  Missile Turret, Marine  
  131  7:36  Missile Turret, Marine x2  
  132  7:37  Marine x2  
  132  7:46  Widow Mine  
  132  7:48  Terran Infantry Armor Level 2  
  132  7:49  Marine  
  132  7:50  Marine  
  132  7:51  Marine  
  132  7:52  Marine  
  132  7:53  Marine  
  132  7:54  Marine  
  132  7:55  Factory Reactor  
  132  7:57  Missile Turret, Marine x2  
  129  7:58  Marine  
  129  8:00  Medivac  
  132  8:06  Marine  
  132  8:08  Marine x2  
  132  8:09  Marine  
  132  8:10  Widow Mine  
  138  8:15  Marine  
  138  8:16  Command Center  
  138  8:18  Marine x2  
  140  8:20  Marine x2  
  140  8:24  Marine  
  140  8:25  Drilling Claws, Concussive Shells  
  140  8:26  Marine x2  
  145  8:27  Medivac, Marine  
  145  8:33  Widow Mine x2, Marine  
  153  8:34  Medivac  
  153  8:35  Marine  
  153  8:36  Marine  
  153  8:38  Marine x2  
  153  8:39  Supply Depot  
  153  8:40  Supply Depot  
  159  8:43  Terran Vehicle And Ship Armor Level 1, Marine  
  159  8:44  Marine  
  159  8:45  Supply Depot  
  159  8:46  Marine x2  
  163  8:51  Marine  
  163  8:53  Supply Depot, Marine  
  167  8:56  Widow Mine, Marine x2  
  167  8:58  Thor  
  167  9:02  Widow Mine, Marine x3  
  180  9:03  Supply Depot  
  180  9:04  Marine  
  180  9:06  Marine  
  182  9:10  Medivac  
  184  9:21  Marine x3  
  184  9:22  Marine x3  
  184  9:23  Marine x2  
  184  9:24  Marine  
  191  9:25  Widow Mine  
  191  9:30  Medivac  
  191  9:31  Widow Mine  
  194  9:32  SCV  
  184  9:39  Marine x3  
  184  9:40  Marine x4  
  184  9:41  Marine x2  
  184  9:42  Widow Mine  
  175  9:46  SCV, Widow Mine  
  154  9:54  Widow Mine  
  154  9:56  Marine x2  
  154  9:57  Marine x3  
  154  9:58  Marine x3  
  154  10:03  Widow Mine, Marine  
  134  10:11  Widow Mine  
  123  10:14  Marine  
  123  10:15  SCV  
  120  10:21  SCV, Orbital Command  
  120  10:25  Widow Mine  
  120  10:28  SCV  
  120  10:33  Marine  
  120  10:34  SCV  
  122  10:36  SCV  
  122  10:39  Marine  
  122  10:40  SCV  
  122  10:41  Marine  
  126  10:46  SCV, Marine  
  126  10:47  Marine x2  
  128  10:53  Widow Mine, Marine x2  
  128  10:56  Widow Mine  
  134  10:59  Marine  
  134  11:00  Marine  
  134  11:01  Widow Mine  
  134  11:04  Marine  
  139  11:06  Marine x2  
  139  11:07  Marine x2  
  139  11:09  SCV  
  143  11:11  Marine  
  143  11:12  Marine  
  143  11:14  Widow Mine  
  143  11:16  Marine  
  148  11:18  Marine  
  148  11:20  Widow Mine  
  148  11:23  Marine  
  148  11:24  Marine x2  
  154  11:29  Orbital Command  
  154  11:32  Widow Mine, Marine  
  149  11:36  Marine x3  
  148  11:40  Widow Mine  
  148  11:43  Marine  
  148  11:44  Marine  
  148  11:46  Widow Mine, Marine  
  153  11:50  Marine x3  
  153  11:53  SCV, Marine  
  158  11:58  Marine  
  158  11:59  Widow Mine  
  161  12:04  Marine  
  161  12:05  Widow Mine  
  161  12:06  Marine  
  161  12:07  Marine  
  154  12:08  Marine  
  154  12:10  SCV  
  154  12:14  Medivac  
  158  12:16  SCV  
  158  12:19  Marine  
  158  12:20  SCV  
  158  12:21  SCV  
  134  12:26  Marine  
  134  12:27  Marine  
  134  12:28  Marine x2  
  123  12:36  Marine x4  
  123  12:37  Marine  
  103  12:41  Widow Mine x2  
  103  12:43  Widow Mine  
  110  12:46  Medivac, Marine  
  110  12:47  Marine  
  110  12:49  Marine  
  110  12:50  Marine  
  114  12:55  Marine  
  114  12:58  Medivac, Marine  
  109  12:59  Marine x2  
  109  13:03  Widow Mine, Marine  
  109  13:04  Marine  
  115  13:10  Marine x3  
  118  13:12  Marine  
  118  13:16  Medivac  
  118  13:17  Engineering Bay  
  115  13:20  Widow Mine  
  115  13:21  Marine  
  115  13:22  Marine x3  
  115  13:23  Marine  
  122  13:28  Widow Mine, Medivac  
  122  13:30  Marine x3  
  122  13:33  Marine  
  130  13:39  Marine  
  121  13:41  Widow Mine  
  121  13:42  Marine  
  121  13:46  Widow Mine, Marine x2  
  121  13:52  Marine x3  
Tags
 

No tags found.

Add a new tag
Caveats
  • Supply blocks, unpowered buildings, or Contaminate may cause inaccurate times.
  • Supply counts are checked every 10 seconds.